[Event "3rd FIDE WCCC Blitz G12 2019"]
[Site "Minsk"]
[Date "2019.08.18"]
[Round "7.3"]
[White "Korovina, Yana"]
[Black "Shubenkova, Veronika"]
[Result "0-1"]
[ECO "B10"]
[WhiteElo "1511"]
[BlackElo "1740"]
[Annotator "NA"]
[PlyCount "144"]
[EventDate "2019.08.18"]
[EventType "swiss"]
[EventCountry "BLR"]
[SourceTitle "playchess.com"]
[Source "ChessBase"]
[SourceQuality "1"]
[TimeControl "300+2"]

1. e4 c6 2. Nf3 d5 3. d3 e6 4. Be2 Nf6 5. exd5 exd5 6. d4 Bd6 7. Nc3 O-O 8. O-O Bf5 9. Bg5 Nbd7 10. Bd3 Bg4 11. Be2 Qc7 12. h3 Bh5 13. Qd2 Rfe8 14. Rfe1 Ne4 15. Nxe4 Rxe4 16. c3 f6 17. Be3 Rae8 18. Rac1 Nb6 19. b3 Qd8 20. Qc2 R4e7 21. Nh2 Bg6 22. Bd3 Kf7 23. Ng4 Bb8 24. Bf5 Qc7 25. Bxg6+ hxg6 26. Qd3 Nd7 27. g3 f5 28. Nh2 Nf6 29. Nf3 Qd8 30. Ng5+ Kg8 31. Qd2 Ne4 32. Nxe4 fxe4 33. Bf4 Rf7 34. Bxb8 Qxb8 35. Qe3 Qd6 36. Rf1 Rf3 37. Qe2 Ref8 38. Kg2 g5 39. Rc2 Qg6 40. Rd2 g4 41. h4 e3 42. Rc2 exf2 43. Qd2 Qd6 44. Rxf2 Qxg3+ 45. Kf1 Rxf2+ 46. Qxf2 Rxf2+ 47. Rxf2 Qxc3 48. Kg2 Qxd4 49. h5 Kh7 50. h6 Kxh6 51. b4 Qxb4 52. a4 Qxa4 53. Rf1 Qe4+ 54. Kg1 Qf3 55. Rxf3 gxf3 56. Kf2 Kg5 57. Kxf3 Kf5 58. Ke3 g5 59. Kf2 Kf4 60. Kg2 d4 61. Kf2 d3 62. Ke1 Ke3 63. Kd1 d2 64. Kc2 Ke2 65. Kc3 d1=Q 66. Kc4 Qd5+ 67. Kc3 g4 68. Kb4 g3 69. Ka3 g2 70. Kb2 g1=Q 71. Kc3 Qc1+ 72. Kb4 Qb5# 0-1

[Event "3rd FIDE WCCC Blitz G12 2019"]
[Site "Minsk"]
[Date "2019.08.18"]
[Round "7.4"]
[White "Babic, Masa"]
[Black "Shevtsova, Darya"]
[Result "0-1"]
[ECO "A06"]
[WhiteElo "1719"]
[BlackElo "1596"]
[Annotator "NA"]
[PlyCount "64"]
[EventDate "2019.08.18"]
[EventType "swiss"]
[EventCountry "BLR"]
[SourceTitle "playchess.com"]
[Source "ChessBase"]
[SourceQuality "1"]
[TimeControl "300+2"]

1. Nf3 d5 2. g3 Nf6 3. Bg2 Bf5 4. O-O e6 5. d3 Be7 6. b3 O-O 7. Bb2 c6 8. Nbd2 Nbd7 9. c4 Rc8 10. h3 h6 11. Ne5 Nxe5 12. Bxe5 Nd7 13. Bb2 Bf6 14. Bxf6 Qxf6 15. e4 dxe4 16. dxe4 Bg6 17. Qe2 Rfd8 18. Rfd1 Nc5 19. Qe3 Qd4 20. Qe2 Qd3 21. Qe1 Qc2 22. Rac1 Qxa2 23. Qe3 Qa5 24. Ra1 Qb6 25. Qc3 Rd3 26. Qc2 Rcd8 27. Bf1 R3d4 28. Qc3 Nxb3 29. Rab1 Rxd2 30. Rxd2 Rxd2 31. Rxb3 Qxf2+ 32. Kh1 Qh2# 0-1

[Event "3rd FIDE WCCC Blitz G12 2019"]
[Site "Minsk"]
[Date "2019.08.18"]
[Round "7.5"]
[White "Liavonava, Yuliya"]
[Black "Babic, Milana"]
[Result "1/2-1/2"]
[ECO "B13"]
[WhiteElo "1297"]
[BlackElo "1689"]
[Annotator "NA"]
[PlyCount "78"]
[EventDate "2019.08.18"]
[EventType "swiss"]
[EventCountry "BLR"]
[SourceTitle "playchess.com"]
[Source "ChessBase"]
[SourceQuality "1"]
[TimeControl "300+2"]

1. e4 c6 2. d4 d5 3. exd5 cxd5 4. Bd3 Nc6 5. c3 Nf6 6. Bf4 Bg4 7. Qb3 Qc8 8. Nd2 e6 9. Ngf3 Be7 10. h3 Bh5 11. Ne5 Nxe5 12. Bxe5 Bg6 13. Bb5+ Kf8 14. O-O a6 15. Be2 Ne4 16. Nxe4 Bxe4 17. c4 f6 18. Bg3 Qd7 19. c5 Kf7 20. Bh5+ g6 21. Bf3 Bxf3 22. Qxf3 Qb5 23. b3 b6 24. cxb6 Qxb6 25. Rac1 Rac8 26. Qd3 Qa5 27. a4 Qb6 28. Rc3 Bb4 29. Rxc8 Rxc8 30. Qe3 Bc3 31. Qh6 Kg8 32. Rc1 Rc6 33. Qf4 Kg7 34. h4 Qb4 35. Kh1 Qb6 36. f3 Qb4 37. Bf2 Bd2 38. Be1 Bxf4 39. Bxb4 Rxc1+ 1/2-1/2

[Event "3rd FIDE WCCC Blitz G12 2019"]
[Site "Minsk"]
[Date "2019.08.18"]
[Round "7.6"]
[White "Komissarova, Soigina"]
[Black "Kirdyashkina, Ekaterina"]
[Result "1/2-1/2"]
[ECO "A20"]
[WhiteElo "1663"]
[BlackElo "1691"]
[Annotator "NA"]
[PlyCount "215"]
[EventDate "2019.08.18"]
[EventType "swiss"]
[EventCountry "BLR"]
[SourceTitle "playchess.com"]
[Source "ChessBase"]
[SourceQuality "1"]
[TimeControl "300+2"]

1. c4 e5 2. g3 Nc6 3. Bg2 d6 4. Nc3 Nf6 5. e4 Nd4 6. Nge2 c5 7. O-O g6 8. h3 Bg7 9. d3 O-O 10. Kh2 Kh8 11. Be3 Nd7 12. f4 Nb6 13. Rb1 Bd7 14. b4 exf4 15. gxf4 cxb4 16. Bxd4 Bxd4 17. Nxd4 bxc3 18. Ne2 Ba4 19. Qc1 c2 20. Rb2 Qf6 21. Ng3 Qc3 22. Rf3 Rac8 23. Ne2 Qg7 24. Rb4 Rc6 25. Rf2 Rcc8 26. Bf3 Qh6 27. Nc3 Bd7 28. Bg2 f5 29. Qxc2 fxe4 30. Nxe4 Rxf4 31. Qb2+ Kg8 32. Nf6+ Rxf6 33. Qxf6 Bf5 34. Qd4 Rf8 35. Rxb6 axb6 36. Bd5+ Rf7 37. Bxf7+ Kxf7 38. Qd5+ Kg7 39. Qf3 Qh4 40. Re2 Qd4 41. Qxb7+ Kh6 42. Qf3 Kg7 43. Qe3 Qxd3 44. Qxd3 Bxd3 45. Rd2 Bxc4 46. Rxd6 Bxa2 47. Rxb6 Bc4 48. Kg3 Bd3 49. h4 h5 50. Kf4 Kh6 51. Rd6 Bf5 52. Ke5 Bb1 53. Kf6 Bf5 54. Rb6 Kh7 55. Rb8 Be4 56. Kf7 Bf5 57. Ra8 Be4 58. Ra7 Bf5 59. Kf6+ Kh6 60. Rg7 Bd3 61. Rf7 Bf5 62. Rf8 Kh7 63. Rd8 Be4 64. Rd7+ Kh6 65. Kf7 Bf5 66. Rd8 Kh7 67. Rb8 Be4 68. Rb4 Bf5 69. Kf6 Kh6 70. Rb8 Kh7 71. Kf7 Be4 72. Re8 Bf5 73. Re7 Bd3 74. Kf8+ Kh8 75. Rd7 Bf5 76. Rc7 Be4 77. Ra7 Bf5 78. Kf7 Kh7 79. Kf8+ Kh8 80. Rc7 Be4 81. Re7 Bf5 82. Rf7 Be4 83. Rc7 Bf5 84. Rg7 Be4 85. Kf7 Bf5 86. Kf6 Be4 87. Re7 Bf5 88. Re8+ Kh7 89. Kf7 Bd3 90. Re5 Bf5 91. Kf6 Bc2 92. Kf7 Bf5 93. Rc5 Be4 94. Rc8 Bf5 95. Rb8 Be4 96. Rb5 Bf5 97. Ra5 Be4 98. Rc5 Bf5 99. Kf6 Be4 100. Re5 Bf5 101. Re7+ Kh6 102. Rg7 Bd3 103. Kf7 Bc4+ 104. Kf8 Bb3 105. Re7 Ba2 106. Ra7 Bc4 107. Rc7 Bb3 108. Ra7 1/2-1/2

[Event "3rd FIDE WCCC Blitz G12 2019"]
[Site "Minsk"]
[Date "2019.08.18"]
[Round "8.1"]
[White "Vlasova, Olesia"]
[Black "Zhapova, Yana"]
[Result "0-1"]
[ECO "A06"]
[WhiteElo "1799"]
[BlackElo "1809"]
[Annotator "NA"]
[PlyCount "66"]
[EventDate "2019.08.18"]
[EventType "swiss"]
[EventCountry "BLR"]
[SourceTitle "playchess.com"]
[Source "ChessBase"]
[SourceQuality "1"]
[TimeControl "300+2"]

1. Nf3 d5 2. g3 Nf6 3. Bg2 c6 4. O-O Bf5 5. b3 h6 6. Bb2 e6 7. c4 Be7 8. d3 O-O 9. Nbd2 Nbd7 10. a3 a5 11. Bc3 Bh7 12. b4 axb4 13. axb4 Qb6 14. Qb3 Qc7 15. Ra3 Rxa3 16. Qxa3 e5 17. Ra1 e4 18. dxe4 dxe4 19. Nd4 c5 20. bxc5 Bxc5 21. Qb3 Rd8 22. e3 Ne5 23. Rb1 b6 24. Ra1 Qb8 25. Ra4 Qc7 26. Qa2 Nd3 27. Ra7 Qc8 28. h4 b5 29. cxb5 Bxa7 30. Qxa7 Qxc3 31. N2b3 Qe1+ 32. Kh2 Ng4+ 33. Kh3 Ndxf2# {[%emt 0:00:02] Kxg4 Nxg4} 0-1

[Event "3rd FIDE WCCC Blitz G12 2019"]
[Site "Minsk"]
[Date "2019.08.18"]
[Round "8.2"]
[White "Shubenkova, Veronika"]
[Black "Vu, My Linh"]
[Result "1-0"]
[ECO "E81"]
[WhiteElo "1740"]
[BlackElo "1467"]
[Annotator "NA"]
[PlyCount "127"]
[EventDate "2019.08.18"]
[EventType "swiss"]
[EventCountry "BLR"]
[SourceTitle "playchess.com"]
[Source "ChessBase"]
[SourceQuality "1"]
[TimeControl "300+2"]

1. d4 Nf6 2. c4 g6 3. Nc3 Bg7 4. e4 d6 5. f3 O-O 6. Be3 a6 7. Qd2 Re8 8. Bd3 Nc6 9. Nge2 e5 10. d5 Ne7 11. g4 h5 12. gxh5 Nxh5 13. Ng3 Nf6 14. h4 Kf8 15. O-O-O b5 16. c5 b4 17. Nce2 a5 18. c6 Ba6 19. h5 Bxd3 20. Qxd3 a4 21. h6 Bh8 22. h7 Nc8 23. Bg5 Nb6 24. Kb1 Qb8 25. Bxf6 Bxf6 26. h8=Q+ Bxh8 27. Rxh8+ Ke7 28. Rxe8+ Qxe8 29. Rh1 a3 30. b3 Qg8 31. Qe3 Qg7 32. Qg5+ f6 33. Qh6 Rg8 34. Qxg7+ Rxg7 35. Rh8 Rf7 36. Rg8 f5 37. Rxg6 fxe4 38. fxe4 Nc8 39. Nf5+ Kf8 40. Rh6 Kg8 41. Neg3 Ne7 42. Kc2 Nxf5 43. Nxf5 Rf8 44. Kd3 Rb8 45. Kc4 Rb6 46. Nxd6 Kg7 47. Nf5+ Kg8 48. Re6 Kf7 49. Rxe5 Kf6 50. Re7 Kg5 51. Rxc7 Kf4 52. Nd6 Ke5 53. Kc5 Rb8 54. Re7+ Kf4 55. c7 Ra8 56. c8=Q Rxc8+ 57. Nxc8 Ke3 58. d6 Kd2 59. d7 Kc2 60. d8=Q Kb2 61. Rh7 Kxa2 62. Qd2+ Kxb3 63. Rh3+ Ka4 64. Qxb4# {Kb5+} 1-0

[Event "3rd FIDE WCCC Blitz G12 2019"]
[Site "Minsk"]
[Date "2019.08.18"]
[Round "8.3"]
[White "Babic, Milana"]
[Black "Shevtsova, Darya"]
[Result "1-0"]
[ECO "A06"]
[WhiteElo "1689"]
[BlackElo "1596"]
[Annotator "NA"]
[PlyCount "119"]
[EventDate "2019.08.18"]
[EventType "swiss"]
[EventCountry "BLR"]
[SourceTitle "playchess.com"]
[Source "ChessBase"]
[SourceQuality "1"]
[TimeControl "300+2"]

1. Nf3 d5 2. g3 Nf6 3. Bg2 Bf5 4. O-O e6 5. d3 Be7 6. Nbd2 O-O 7. b3 c6 8. Bb2 Nbd7 9. c4 h6 10. a3 a5 11. Rc1 Qb6 12. Re1 Ng4 13. Rf1 Bf6 14. Bxf6 Ngxf6 15. h3 Qc5 16. b4 axb4 17. axb4 Qxb4 18. Rb1 Qc3 19. Rxb7 Ra2 20. Rb3 Qa5 21. e4 dxe4 22. dxe4 Nxe4 23. Nxe4 Bxe4 24. Qxd7 Qf5 25. Nd4 Qe5 26. Re3 f5 27. Bxe4 fxe4 28. Qxe6+ Qxe6 29. Nxe6 Rf6 30. Rxe4 Kf7 31. Nd4 c5 32. Nb5 Rc2 33. Re5 Rxc4 34. Nc7 Rc2 35. Nd5 Rf3 36. Re7+ Kg6 37. Nf4+ Kf6 38. Rc7 c4 39. Kg2 Rb3 40. Re1 Rb6 41. Nd5+ Kg6 42. Nxb6 c3 43. Re3 Rb2 44. Rexc3 Rxb6 45. R3c6+ Rxc6 46. Rxc6+ Kf5 47. g4+ Kf4 48. Rg6 Ke5 49. Rxg7 Kf6 50. Ra7 Kg5 51. Kg3 h5 52. h4+ Kh6 53. g5+ Kg6 54. Ra6+ Kg7 55. Kf4 Kf7 56. Kf5 Kg7 57. Ra7+ Kg8 58. Kf6 Kh8 59. Kg6 Kg8 60. Ra8# 1-0

[Event "3rd FIDE WCCC Blitz G12 2019"]
[Site "Minsk"]
[Date "2019.08.18"]
[Round "8.4"]
[White "Nguyen, Le Cam Hien"]
[Black "Szczotka, Klara"]
[Result "0-1"]
[ECO "B20"]
[WhiteElo "1579"]
[BlackElo "1732"]
[Annotator "NA"]
[PlyCount "122"]
[EventDate "2019.08.18"]
[EventType "swiss"]
[EventCountry "BLR"]
[SourceTitle "playchess.com"]
[Source "ChessBase"]
[SourceQuality "1"]
[TimeControl "300+2"]

1. e4 c5 2. d3 e6 3. g3 d6 4. Bg2 Qc7 5. f4 Nc6 6. Nf3 Nge7 7. O-O g6 8. c3 Bg7 9. g4 Bd7 10. Be3 h5 11. g5 b6 12. Nbd2 d5 13. Nh4 d4 14. cxd4 cxd4 15. Bf2 Qxf4 16. Nhf3 h4 17. h3 Ne5 18. Bxd4 Nxf3+ 19. Nxf3 Bxd4+ 20. Nxd4 Qe3+ 21. Kh1 Qxd4 22. Qf3 Rf8 23. Rac1 Rc8 24. Rxc8+ Bxc8 25. Rc1 Kd7 26. Qf4 Qd6 27. e5 Qb8 28. Qa4+ Kd8 29. Qd4+ Bd7 30. Be4 Nf5 31. Bxf5 gxf5 32. b4 Qb7+ 33. Kh2 Qf3 34. Qd6 Ke8 35. Rc7 Qf2+ 36. Kh1 Qf3+ 37. Kg1 Qg3+ 38. Kf1 Qf3+ 39. Ke1 Qe3+ 40. Kf1 Qf3+ 41. Ke1 Qd5 42. Rxa7 Qxd6 43. exd6 f6 44. g6 Bc8 45. Re7+ Kd8 46. Rf7 Rg8 47. Rxf6 Ke8 48. Kd2 Bd7 49. Kc3 Rf8 50. Rxf8+ Kxf8 51. Kd4 Kg7 52. Kc3 Kxg6 53. Kb3 f4 54. Kc3 f3 55. Kd2 Kf5 56. Ke3 Bc6 57. a4 Ke5 58. a5 bxa5 59. bxa5 Kxd6 60. a6 Kc7 61. d4 Kb6 0-1

[Event "3rd FIDE WCCC Blitz G12 2019"]
[Site "Minsk"]
[Date "2019.08.18"]
[Round "8.5"]
[White "Ivanytska, Liudmyla"]
[Black "Korovina, Yana"]
[Result "1-0"]
[ECO "C50"]
[WhiteElo "1539"]
[BlackElo "1511"]
[Annotator "NA"]
[PlyCount "113"]
[EventDate "2019.08.18"]
[EventType "swiss"]
[EventCountry "BLR"]
[SourceTitle "playchess.com"]
[Source "ChessBase"]
[SourceQuality "1"]
[TimeControl "300+2"]

1. e4 e5 2. Bc4 Nc6 3. Nc3 Nf6 4. d3 Bc5 5. Nf3 d6 6. h3 h6 7. O-O O-O 8. Be3 Bb6 9. d4 exd4 10. Nxd4 Nxd4 11. Bxd4 Bxd4 12. Qxd4 Qe7 13. Rfe1 Be6 14. e5 dxe5 15. Rxe5 Qd6 16. Qxd6 cxd6 17. Rxe6 fxe6 18. Bxe6+ Kh8 19. Nb5 Rae8 20. Bb3 Re2 21. Nd4 Rd2 22. Nf3 Re2 23. Kf1 Ree8 24. Rd1 d5 25. Bxd5 Rd8 26. c4 b5 27. b3 bxc4 28. bxc4 Rfe8 29. Nh4 Nxd5 30. cxd5 Kg8 31. Nf5 Kf7 32. d6 Kf6 33. g4 g6 34. Ng3 Re6 35. f3 Re3 36. Kf2 Ra3 37. Rd2 Ra6 38. Ne4+ Ke5 39. Rb2 Rc6 40. Ke3 Rb6 41. Rc2 Rb5 42. a4 Rb3+ 43. Ke2 Rb4 44. Ke3 Rb3+ 45. Ke2 Rb4 46. a5 Rb5 47. Ra2 Kf4 48. Kf2 Ke5 49. Ke2 Rb3 50. Nd2 Kxd6 51. Nxb3 Kc6 52. Rc2+ Kb5 53. Rc7 Kb4 54. Nd2 Kxa5 55. Rxa7+ Kb6 56. Rg7 Rd6 57. h4 1-0

[Event "3rd FIDE WCCC Blitz G12 2019"]
[Site "Minsk"]
[Date "2019.08.18"]
[Round "8.6"]
[White "Kirdyashkina, Ekaterina"]
[Black "Lomakina, Anzhelika"]
[Result "1-0"]
[ECO "C67"]
[WhiteElo "1691"]
[BlackElo "1732"]
[Annotator "NA"]
[PlyCount "111"]
[EventDate "2019.08.18"]
[EventType "swiss"]
[EventCountry "BLR"]
[SourceTitle "playchess.com"]
[Source "ChessBase"]
[SourceQuality "1"]
[TimeControl "300+2"]

1. e4 e5 2. Nf3 Nc6 3. Bb5 Nf6 4. O-O Nxe4 5. Re1 Nd6 6. Bxc6 dxc6 7. Nxe5 Be7 8. Qe2 Be6 9. Nc3 O-O 10. d3 Re8 11. Qf3 Bf6 12. Bf4 Nf5 13. Ng4 Nd4 14. Qg3 Bxg4 15. Rxe8+ Qxe8 16. Qxg4 Nxc2 17. Rc1 Nd4 18. Bxc7 Qe6 19. Qxe6 Nxe6 20. Bg3 Rd8 21. Rd1 Nc5 22. d4 Rxd4 23. Re1 h6 24. Re8+ Kh7 25. Kf1 Rd2 26. Re2 Rxe2 27. Kxe2 Kg6 28. f3 Bd4 29. Bb8 a6 30. Ba7 Kf5 31. Nd1 Ne6 32. Bxd4 Nxd4+ 33. Kd3 Ne6 34. Ne3+ Ke5 35. Nc4+ Kd5 36. Ne3+ Kc5 37. g3 b5 38. Nf5 Kb6 39. Ke4 c5 40. Nd6 f6 41. Nf5 Kc6 42. f4 c4 43. Ne3 Kc5 44. Kf5 Nd4+ 45. Kg6 Ne6 46. f5 Ng5 47. Kxg7 Kd4 48. Ng4 Ke4 49. Kxf6 Nf3 50. Nxh6 Nxh2 51. g4 Kf4 52. g5 b4 53. g6 c3 54. bxc3 bxc3 55. g7 c2 56. g8=Q 1-0

[Event "3rd FIDE WCCC Blitz G12 2019"]
[Site "Minsk"]
[Date "2019.08.18"]
[Round "9.1"]
[White "Zhapova, Yana"]
[Black "Shubenkova, Veronika"]
[Result "1-0"]
[ECO "B10"]
[WhiteElo "1809"]
[BlackElo "1740"]
[Annotator "NA"]
[PlyCount "125"]
[EventDate "2019.08.18"]
[EventType "swiss"]
[EventCountry "BLR"]
[SourceTitle "playchess.com"]
[Source "ChessBase"]
[SourceQuality "1"]
[TimeControl "300+2"]

1. e4 c6 2. Nc3 d5 3. Nf3 Nf6 4. e5 Ne4 5. d4 Bg4 6. Be2 Nxc3 7. bxc3 e6 8. O-O Be7 9. h3 Bxf3 10. Bxf3 O-O 11. Be2 c5 12. f4 Nc6 13. Be3 Rc8 14. f5 cxd4 15. cxd4 Nb4 16. Bd3 Nxd3 17. Qxd3 Kh8 18. Qe2 Rc3 19. Bd2 Rxc2 20. Qd3 Rc4 21. Rab1 b6 22. Be3 Qc7 23. f6 gxf6 24. exf6 Bd6 25. Bh6 Rxd4 26. Qe3 Rg8 27. Bg7+ Rxg7 28. fxg7+ Kxg7 29. Qxd4+ Be5 30. Qg4+ Kf8 31. Rbc1 Qd7 32. Qg5 Bd4+ 33. Kh1 Bc5 34. Qh6+ Ke8 35. Qxh7 Qe7 36. Qg8+ Qf8 37. Qxf8+ Kxf8 38. Rf6 Ke7 39. Rcf1 d4 40. Rxf7+ Kd6 41. Rxa7 e5 42. Ra8 e4 43. Re8 e3 44. Rd1 Kd5 45. Rxe3 Kc4 46. Rf3 b5 47. Rfd3 b4 48. h4 Bb6 49. h5 Bc5 50. h6 Kd5 51. h7 Ke4 52. h8=Q b3 53. axb3 Bb6 54. Qh4+ Ke5 55. Re1+ Kd6 56. Qf6+ Kc5 57. Re5+ Kb4 58. Qxb6+ Ka3 59. Ra5+ Kb2 60. Qxd4+ Kc2 61. Rd2+ Kxb3 62. Rb5+ Ka3 63. Qb4# 1-0

[Event "3rd FIDE WCCC Blitz G12 2019"]
[Site "Minsk"]
[Date "2019.08.18"]
[Round "9.2"]
[White "Vu, My Linh"]
[Black "Babic, Milana"]
[Result "0-1"]
[ECO "A53"]
[WhiteElo "1467"]
[BlackElo "1689"]
[Annotator "NA"]
[PlyCount "96"]
[EventDate "2019.08.18"]
[EventType "swiss"]
[EventCountry "BLR"]
[SourceTitle "playchess.com"]
[Source "ChessBase"]
[SourceQuality "1"]
[TimeControl "300+2"]

1. d4 Nf6 2. c4 d6 3. Nc3 Nbd7 4. e4 e5 5. d5 c6 6. Nf3 Nc5 7. Bd3 a5 8. O-O Be7 9. Be3 Nxd3 10. Qxd3 Bg4 11. Nd2 O-O 12. h3 Bh5 13. f4 exf4 14. Bxf4 Bg6 15. Qf3 Nd7 16. Nb3 a4 17. Nd4 Qb6 18. Qf2 Nc5 19. Nf3 Qa6 20. Qe2 Rfe8 21. dxc6 bxc6 22. Rad1 Bf6 23. Bxd6 Nxe4 24. c5 Qxe2 25. Nxe2 Bxb2 26. Nf4 Ba3 27. Nxg6 hxg6 28. Ne5 Bxc5+ 29. Bxc5 Rxe5 30. Ba3 Ng3 31. Rf3 Ne2+ 32. Kf2 Rae8 33. Rd6 c5 34. Rd7 f5 35. Rc7 Nd4 36. Rc3 Nb5 37. R3xc5 Re2+ 38. Kg1 Nxc7 39. Rxc7 Rxa2 40. Bb4 Ree2 41. Bc3 Rxg2+ 42. Kh1 Kh7 43. Rxg7+ Kh6 44. Rg8 Kg5 45. Rh8 Rgc2 46. h4+ Kg4 47. Be1 Ra1 48. Re8 Rcc1 0-1

[Event "3rd FIDE WCCC Blitz G12 2019"]
[Site "Minsk"]
[Date "2019.08.18"]
[Round "9.3"]
[White "Szczotka, Klara"]
[Black "Ivanytska, Liudmyla"]
[Result "1-0"]
[ECO "B42"]
[WhiteElo "1732"]
[BlackElo "1539"]
[Annotator "NA"]
[PlyCount "79"]
[EventDate "2019.08.18"]
[EventType "swiss"]
[EventCountry "BLR"]
[SourceTitle "playchess.com"]
[Source "ChessBase"]
[SourceQuality "1"]
[TimeControl "300+2"]

1. e4 c5 2. Nf3 e6 3. d4 cxd4 4. Nxd4 a6 5. Bd3 Nf6 6. Qe2 d6 7. Nc3 Qc7 8. Bd2 Be7 9. O-O O-O 10. Kh1 Nbd7 11. f4 b5 12. a3 Bb7 13. Rae1 Rac8 14. Rf3 Rfe8 15. Rh3 Nf8 16. e5 dxe5 17. fxe5 Nd5 18. Bxh7+ Nxh7 19. Qh5 Bc5 20. Qxh7+ Kf8 21. Nb3 Ne7 22. Qh8+ Ng8 23. Rg3 Ke7 24. Bg5+ Kd7 25. Rd3+ Kc6 26. Nxc5 Kxc5 27. Ne4+ Bxe4 28. Rc3+ Kd5 29. Rxc7 Rxc7 30. Qh4 Rc4 31. Rd1+ Kc6 32. Rd6+ Kb7 33. Qf2 Rc6 34. Qxf7+ Kb6 35. Rxc6+ Bxc6 36. Be3+ Ka5 37. Qc7+ Ka4 38. Qxc6 Rf8 39. Qe4+ Ka5 40. Qb4# 1-0

[Event "3rd FIDE WCCC Blitz G12 2019"]
[Site "Minsk"]
[Date "2019.08.18"]
[Round "9.4"]
[White "Kirdyashkina, Ekaterina"]
[Black "Vlasova, Olesia"]
[Result "1-0"]
[ECO "B30"]
[WhiteElo "1691"]
[BlackElo "1799"]
[Annotator "NA"]
[PlyCount "97"]
[EventDate "2019.08.18"]
[EventType "swiss"]
[EventCountry "BLR"]
[SourceTitle "playchess.com"]
[Source "ChessBase"]
[SourceQuality "1"]
[TimeControl "300+2"]

1. e4 c5 2. Nf3 Nc6 3. c3 d5 4. exd5 Qxd5 5. d4 Bg4 6. Be2 Nf6 7. O-O e6 8. Be3 cxd4 9. Nxd4 Bxe2 10. Qxe2 Be7 11. Nxc6 Qxc6 12. Nd2 O-O 13. Nb3 Rfd8 14. Nd4 Qc7 15. Nb5 Qa5 16. a4 Rd7 17. Qf3 a6 18. Nd4 Nd5 19. Qh3 Rad8 20. Rfc1 Qc7 21. Qf3 Bf6 22. Ne2 Nxe3 23. Qxe3 Rd2 24. b3 R2d3 25. Qe4 Qd7 26. g3 g6 27. Kg2 Kg7 28. Rab1 Rd5 29. Nf4 Rd6 30. h4 b5 31. axb5 axb5 32. c4 bxc4 33. bxc4 Rd4 34. Qe3 Qc6+ 35. Qf3 Qc5 36. Qe3 Rc8 37. Rb5 Qd6 38. c5 Qd8 39. c6 Rc7 40. Rbc5 Qd6 41. h5 Bg5 42. Nxe6+ Qxe6 43. Qxg5 Qe4+ 44. Kh2 Re7 45. h6+ Kg8 46. c7 Re8 47. c8=Q Qe2 48. Qxe8+ Qxe8 49. Rc8 {time} 1-0

[Event "3rd FIDE WCCC Blitz G12 2019"]
[Site "Minsk"]
[Date "2019.08.18"]
[Round "9.5"]
[White "Shevtsova, Darya"]
[Black "Kaldarova, Ayaulym"]
[Result "1-0"]
[ECO "E16"]
[WhiteElo "1596"]
[BlackElo "1476"]
[Annotator "NA"]
[PlyCount "115"]
[EventDate "2019.08.18"]
[EventType "swiss"]
[EventCountry "BLR"]
[SourceTitle "playchess.com"]
[Source "ChessBase"]
[SourceQuality "1"]
[TimeControl "300+2"]

1. d4 Nf6 2. c4 e6 3. Nf3 Bb4+ 4. Bd2 Qe7 5. g3 Bxd2+ 6. Qxd2 d6 7. Bg2 O-O 8. Nc3 e5 9. O-O c5 10. dxe5 dxe5 11. Rad1 Nc6 12. Nd5 Nxd5 13. Qxd5 Rd8 14. Qe4 f5 15. Rxd8+ Qxd8 16. Qd5+ Qxd5 17. cxd5 e4 18. dxc6 exf3 19. Bxf3 bxc6 20. Bxc6 Rb8 21. b3 Rb6 22. Bd5+ Kf8 23. Rc1 Ba6 24. e3 Ke7 25. Rxc5 Kd6 26. Ra5 Bb5 27. Bg8 a6 28. b4 h6 29. Ra3 Ke5 30. Rc3 Rd6 31. Rc5+ Kf6 32. Bd5 g6 33. Kg2 Rxd5 34. Rxd5 Bc6 35. e4 Bxd5 36. exd5 Ke5 37. a4 Kxd5 38. b5 axb5 39. axb5 Kc5 40. Kf3 Kxb5 41. Kf4 Kc4 42. Ke5 Kd3 43. Kf6 Ke2 44. f4 Kf3 45. Kxg6 Kg2 46. Kxh6 Kxh2 47. Kg5 Kxg3 48. Kxf5 Kh4 49. Ke6 Kh5 50. f5 Kh6 51. f6 Kh7 52. Ke7 Kg8 53. f7+ Kg7 54. f8=Q+ Kg6 55. Qf4 Kh7 56. Qg5 Kh8 57. Kf7 Kh7 58. Qh5# 1-0

[Event "3rd FIDE WCCC Blitz G12 2019"]
[Site "Minsk"]
[Date "2019.08.18"]
[Round "9.6"]
[White "Mikheeva, Galina"]
[Black "Nguyen, Le Cam Hien"]
[Result "0-1"]
[ECO "B06"]
[WhiteElo "1952"]
[BlackElo "1579"]
[Annotator "NA"]
[PlyCount "82"]
[EventDate "2019.08.18"]
[EventType "swiss"]
[EventCountry "BLR"]
[SourceTitle "playchess.com"]
[Source "ChessBase"]
[SourceQuality "1"]
[TimeControl "300+2"]

1. e4 d6 2. d4 g6 3. Nc3 Bg7 4. f4 e6 5. Nf3 Ne7 6. Bd3 O-O 7. O-O Nd7 8. Be3 f5 9. e5 d5 10. a4 h6 11. Qd2 b6 12. a5 Bb7 13. axb6 axb6 14. Nb5 c5 15. Nd6 Bc6 16. c4 Qc7 17. Rxa8 Rxa8 18. b4 cxb4 19. Qxb4 dxc4 20. Bxc4 Nd5 21. Bxd5 Bxd5 22. Rc1 Qa7 23. Nd2 Qa5 24. Qb2 Bf8 25. N2c4 Qa2 26. Rc2 Qxb2 27. Rxb2 Bxc4 28. Nxc4 Rb8 29. Rb5 Kf7 30. Kf2 Rc8 31. Nxb6 Rb8 32. d5 exd5 33. Ke2 Be7 34. Kd2 Bf6 35. Nxd7 Rxb5 36. Kc2 Ke6 37. exf6 {[%emt 0:00:02] Kxf6 Bd4+ Ke6 Be5} g5 38. g3 g4 39. Kd3 Ra5 {[%emt 0:00:03] Ke3 Ra2 Kd3 Rxh2} 40. Bd4 {[%emt 0:00:00] Rg2 Bg7 Rxg3+ Ke2} h5 {[%emt 0:00:45] Bh6} 41. h4 {[%emt 0:00:00] Kf2 Rf3+ Kg2} gxh3 {[%emt 0:00:00] Kh2 d4} 0-1